 Dungeon Crawl Stone Soup version 0.23.0 (webtiles) character file.

Game seed: 18003816669885309595

757 Revguard the Chopper (level 7, -4/62 HPs)
             Began as a Hill Orc Monk on Feb 13, 2019.
             Slain by a centaur (6 damage)
             ... on level 5 of the Dungeon.
             The game lasted 00:15:13 (3887 turns).

Revguard the Chopper (Hill Orc Monk)                Turns: 3887, Time: 00:15:14

Health: -4/62      AC: 10    Str: 20    XL:     7   Next: 79%
Magic:  7/7        EV: 17    Int: 10    God:
Gold:   131        SH:  0    Dex: 19    Spells: 6/6 levels left

rFire    x . .     SeeInvis .   b - +8 club
rCold    + . .     Gourm    .   (no shield)
rNeg     . . .     Faith    .   i - +0 scale mail
rPois    .         Spirit   .   g - +1 helmet
rElec    .         Reflect  .   (no cloak)
rCorr    .         Harm     .   d - +0 pair of gloves
MR       .....                  (no boots)
Stlth    ++........             (no amulet)
HPRegen  0.20/turn              l - ring of ice
MPRegen  0.10/turn              (no ring)

@: mighty, agile
A: no striking features
a: no special abilities


You were on level 5 of the Dungeon.
You were not hungry.

You visited 2 branches of the dungeon, and saw 6 of its levels.
You also visited: Sewer.

You collected 131 gold pieces.

Inventory:

Hand Weapons
 a - a +0 hand axe
 b - a +8 club (weapon)
Armour
 d - a +0 pair of gloves (worn)
 g - a +1 helmet (worn)
 i - a +0 scale mail (worn)
 r - a +2 hat
Jewellery
 e - an uncursed ring of ice
 l - a ring of ice (left hand)
Wands
 s - a wand of random effects (19)
 u - a wand of enslavement (12)
Scrolls
 f - 2 scrolls of magic mapping
 j - a scroll of blinking {unknown}
 m - 5 scrolls of teleportation {unknown}
 n - 3 scrolls of remove curse {unknown}
 p - 3 scrolls of fog
 t - a scroll of fear {unknown}
Potions
 h - 4 potions of invisibility
 k - 2 potions of flight
Comestibles
 c - 9 rations


   Skills:
 + Level 5.8 Fighting
 + Level 7.7 Axes
 + Level 4.3 Armour
 + Level 3.8 Dodging
 - Level 1.5 Stealth


You had 6 spell levels left.
You didn't know any spells.
Your spell library was empty.

Dungeon Overview and Level Annotations

Branches:
Dungeon (5/15)             Temple (1/1) D:4

Altars:
Cheibriados
Elyvilon
Fedhas
Hepliaklqana
Kikubaaqudgha
Makhleb
Nemelex Xobeh
Qazlal
Ru
Trog
Uskayaw
Wu Jian
Yredelemnul
Zin
The Shining One

Shops:
D:4 ((


Message History

The iguana hisses menacingly.
The centaur barely misses you.
You hit the centaur.
The centaur is almost dead.
The shadow imp puffs mist at you. The centaur closely misses you.
You closely miss the centaur.
The centaur is almost dead.
The centaur completely misses you. The centaur hits you.
* * * LOW HITPOINT WARNING * * *
It was a potion of might.
You feel very mighty all of a sudden. The centaur hits you.
* * * LOW HITPOINT WARNING * * *
An adder skeleton comes into view.
The shadow imp shouts, "Quit, thou erky fat-kidneyed vassal!"
You barely miss the centaur.
The centaur is almost dead.
The centaur hits you.
You die...

#.......# #.#
#>......###.#
#..........(#
#...........+
####........#
###.......#
#.........#
....###.###(#
....#.....#@#
....#...(.#c#
...........l5#
.....#.[.(.#.#
.....#.....#...
##.#
###.#####.# ..8
..Z. ^.. .
#.... ..#
8...... ...


You could see a centaur, an iguana, a shadow imp and an adder skeleton
(wandering).

Vanquished Creatures
  A sky beast (D:5)
  4 big kobolds (Sewer)
  A hound (D:4)
  An iguana (D:4)
  Jessica (D:2)
  A worker ant (D:4)
  Robin (D:2)
  13 adders
  A river rat (Sewer)
  8 oozes
  An adder skeleton (D:4)
  5 worms
  2 dart slugs (D:2)
  3 leopard geckos (D:1)
  An orc (D:4)
  2 ball pythons (Sewer)
  3 bats
  8 giant cockroaches
  15 goblins
  6 hobgoblins
  6 jackals
  12 kobolds
  A quokka (D:4)
  2 frilled lizards (D:3)
  A giant cockroach zombie (D:3)
  14 rats
114 creatures vanquished.

Notes
Turn   | Place    | Note
-------+----------+-------------------------------------------
     0 | D:1      | Revguard the Hill Orc Monk began the quest for the Orb.
     0 | D:1      | Reached XP level 1. HP: 19/19 MP: 1/1
    60 | D:1      | Reached XP level 2. HP: 19/27 MP: 2/2
   593 | D:1      | Reached skill level 1 in Armour
   733 | D:2      | Reached XP level 3. HP: 33/33 MP: 3/3
   750 | D:2      | Noticed Robin
   782 | D:2      | Killed Robin
   796 | D:2      | Reached skill level 5 in Axes
   943 | D:2      | Reached XP level 4. HP: 40/40 MP: 4/4
   971 | D:2      | Found a sparkling altar of Nemelex Xobeh.
  1128 | D:2      | Noticed Jessica
  1141 | D:2      | Killed Jessica
  1235 | D:2      | Reached XP level 5. HP: 47/47 MP: 5/5
  1554 | D:3      | Reached skill level 6 in Axes
  1733 | D:3      | Found a white marble altar of Elyvilon.
  2242 | D:4      | Found Yduuqedoov's Antique Weapon Shop.
  2253 | D:4      | Reached XP level 6. HP: 37/55 MP: 6/6
  2319 | D:4      | Found Vaboy's Weapon Emporium.
  2378 | D:4      | Found a glowing drain.
  2413 | Sewer    | Entered a sewer
  2445 | Sewer    | Reached skill level 5 in Fighting
  2445 | Sewer    | Reached skill level 7 in Axes
  2768 | Sewer    | Reached XP level 7. HP: 58/61 MP: 7/7
  3253 | D:4      | Found a staircase to the Ecumenical Temple.
  3270 | Temple   | Entered the Ecumenical Temple
  3813 | D:5      | Entered Level 5 of the Dungeon
  3815 | D:5      | Found a glowing golden altar of the Shining One.
  3885 | D:5      | HP: 3/62 [centaur (6)]
  3887 | D:5      | Slain by a centaur

Skill      XL: |  1  2  3  4  5  6  7 |
---------------+----------------------+-----
Fighting       | 4 5 |  5.8
Armour         | 1 2 3 4 |  4.3
Axes           | 5 6 7 |  7.7
Dodging        | 3 |  3.8
Stealth        | |  1.5

Action                   |  1- 3 |  4- 6 |  7- 9 || total
-------------------------+-------+-------+-------++-------
Melee: Hand axe          |    82 |    54 |       ||   136
       Club              |       |   133 |   109 ||   242
  Use: Potion            |     2 |     1 |     2 ||     5
       Scroll            |       |     9 |       ||     9
  Eat: Chunk             |       |     6 |     1 ||     7
       Ration            |       |       |     1 ||     1
Armor: Robe              |     3 |       |       ||     3
       Leather armour    |     4 |       |       ||     4
       Scale mail        |    10 |    93 |    52 ||   155
       Skin              |    19 |       |       ||    19
Dodge: Dodged            |    40 |   111 |    57 ||   208
